 Dungeon Crawl Stone Soup version 0.32-a0-411-g744942f433 (webtiles) character file.

Game seed: 8508071362906903549

0 shadowstone the Ruffian (level 1, -1/7 HPs)
             Began as an Octopode Shapeshifter on Feb 20, 2024.
             Slain by a hobgoblin (5 damage)
             ... on level 1 of the Dungeon.
             The game lasted 00:00:14 (31 turns).

shadowstone the Ruffian (Octopode Shapeshifter)       Turns: 31, Time: 00:00:17

Health: -1/7       AC:  1    Str: 13    XL:     1   Next: 0%
Magic:  1/1        EV: 17    Int: 12    God:
Gold:   0          SH:  0    Dex: 11    Spells: 0/0 levels left

rFire   . .          .
                       - Unarmed
rCold   . . .        (shield currently unavailable)
rNeg    . . .        (helmet restricted)
rPois   .            (no amulet)
rElec   .            (no ring)
rCorr   .            (no ring)
SInv    .            (no ring)
Will    .....        (no ring)
Stlth   +            (no ring)
HPRegen 0.21/turn    (no ring)
MPRegen 0.07/turn    (no ring)
                     (no ring)

%: no passive effects
@: flux-form, glowing
A: glow, contaminating, reduced hp, almost no armour, amphibious, 8 rings,
camouflage 1, gelatinous body 1, (nimble swimmer 1), tentacles
a: Begin Untransformation


You were on level 1 of the Dungeon.
You were something dangerously unstable.
You visited 1 branch of the dungeon, and saw 1 of its levels.

Inventory:

Talismans
 b - a beast talisman
 c - a flux talisman (active)
Potions
 a - a potion of lignification


   Skills:
 + Level 1.0 Fighting
 + Level 2.0 Dodging
 + Level 3.0 Unarmed Combat
 + Level 3.0 Shapeshifting


You couldn't memorise any spells.
You didn't know any spells.
Your spell library was empty.

Dungeon Overview and Level Annotations

Branches:
Dungeon (1/15)

Altars:


Innate Abilities, Weirdness & Mutations

You are something dangerously unstable.
You glow with magical radiation, making you easy to see and hit.
Foes you strike become dangerously contaminated with magical radiation.
Your maximum health is decreased, since you lack skill for your form.
You are incapable of wielding weapons or throwing items.
You cannot wear most types of armour.
You are amphibious.
You can wear up to eight rings at the same time.
Your skin changes colour to match your surroundings (Stealth+).
Your rubbery body absorbs attacks. (AC +1, EV +1)
((You are camouflaged when in or above water. (Stealth+)))
You have tentacles for arms and can constrict up to eight enemies at once.


Message History

Welcome, shadowstone the Octopode Shapeshifter.
Will you be the one to retrieve the fabled Orb of Zot from the depths?
Press ? for a list of commands and other information.
Found a staircase leading out of the dungeon.
Found a stone staircase leading down.
You enter the shallow water.
You begin transforming.
You continue transforming. x3
Your transformation has ended.
You turn into something dangerously unstable.
HP restored.
You open the door.
A hobgoblin, a kobold and a dart slug come into view.
The kobold is wielding a +2 vampiric dagger.
The hobgoblin shouts!
The kobold shouts!
Found 7 stones, a whip and 9 gold pieces.
A rat comes into view.
The kobold throws a stone.
The stone hits you but does no damage.
There is an open door here.
The rat squeaks loudly.
You closely miss the kobold. Your grab misses the kobold.
You completely miss the kobold. Your grab misses the kobold.
The kobold closely misses you.
You tentacle-slap the kobold.
The kobold begins to glow.
You grab the kobold.
The kobold is severely wounded.
You constrict the kobold, but do no damage.
The hobgoblin hits you. The kobold closely misses you.
You tentacle-slap the kobold but do no damage.
The kobold glows dangerously bright.
The kobold is severely wounded.
You constrict the kobold.
You kill the kobold!
The hobgoblin hits you.
Ouch! That really hurt!
You die...

##.. ######... .
#.......# ..
.......#.. .......
....##
##########.w..#.# .
.~≈≈≈≈...'p)r.)#
##. #####..##.g..##
#..♣♣P>P♣♣..#....$#
#..♣♣.♣♣..###...#.#
♣.........♣ ..## #
♣.♣.~~~.♣.♣ ...
♣..≈≈ß≈≈..♣ ####
♣.♣.≈~~.♣.♣
♣.........♣


You could see a dart slug, a hobgoblin and a rat.

Vanquished Creatures
  A kobold (D:1)
1 creature vanquished.

Notes
Turn   | Place    | Note
-------+----------+-------------------------------------------
     0 | D:1      | shadowstone the Octopode Shapeshifter began the quest for
                  | the Orb.
     0 | D:1      | Reached XP level 1. HP: 13/13 MP: 1/1
    31 | D:1      | Slain by a hobgoblin

Illustrated notes

Levels and vault maps discovered:
D:1:      tarquinn_simple_flora_water_b, layout_rooms, minmay_tall_x

Action                     || total
---------------------------++-------
  Melee: Unarmed           ||     4
         Constrict         ||     1
 Armour: Skin              ||     3
  Dodge: Dodged            ||     2
   Form: Flux              ||     1

Table legend: (Time is in decaauts)
 A = Elapsed time spent in this place.
 B = Non-inter-level travel time spent in this place.
 C = Inter-level travel time spent in this place.
 D = Time resting spent in this place.
 E = Time spent auto-exploring this place.
 F = Levels seen in this place.
 G = Mean time per level.
                   A        B        C        D        E       F      G
               +--------+--------+--------+--------+--------+-----+--------+
         Total |     30 |     30 |      0 |      0 |      2 |   1 |   30.0 |
       Dungeon |     30 |     30 |      0 |      0 |      2 |   1 |   30.0 |
               +--------+--------+--------+--------+--------+-----+--------+

Top non-repeatable levels by time:
     D:1: 30 daAuts
